 Dungeon Crawl Stone Soup version 0.31-a0-185-g9dded2c639 (webtiles) character file.

Game seed: 16122651018726401308

523 qw the Skirmisher (level 7, -4/39 HPs)
             Began as a Deep Elf Hunter on June 22, 2023.
             Slain by a mummy (12 damage)
             ... in an ossuary.
             The game lasted 00:01:19 (2907 turns).

qw the Skirmisher (Deep Elf Hunter)                 Turns: 2907, Time: 00:01:20

Health: -4/39      AC:  7    Str: 10    XL:     7   Next: 2%
Magic:  9/9        EV:  9    Int: 14    God:
Gold:   190        SH:  0    Dex: 18    Spells: 6/6 levels left

rFire   . . .        Y - +0 shortbow
rCold   . . .        (shield currently unavailable)
rNeg    + . .        i - +0 scale mail
rPois   .            d - +0 helmet
rElec   .            (no cloak)
rCorr   .            (no gloves)
SInv    .            (no boots)
Will    .....        (no amulet)
Stlth   +            o - ring of positive energy
HPRegen 0.26/turn    (no ring)
MPRegen 0.11/turn

%: no passive effects
@: no status effects
A: no striking features
a: no special abilities


You were in an ossuary.
You visited 1 branch of the dungeon, and saw 4 of its levels.
You also visited: Ossuary.

You collected 190 gold pieces.


   Skills:
 + Level 1.7 Fighting
 - Level 9.8 Ranged Weapons
 - Level 2.3 Armour
 - Level 3.3 Dodging
 - Level 1.2 Stealth


You had 6 spell levels left.
You didn't know any spells.
Your spell library was empty.

Inventory:

Hand Weapons
 Y - a +0 shortbow (weapon)
Armour
 d - a +0 helmet (worn)
 i - a +0 scale mail (worn)
Jewellery
 o - a ring of positive energy (left hand)
Wands
 n - a wand of digging (3)
Scrolls
 b - a scroll of identify
Potions
 e - a potion of enlightenment
 f - a potion of mutation {unknown}
 g - a potion of curing
 j - a potion of magic {unknown}

Dungeon Overview and Level Annotations

Branches:
Dungeon (4/15)            Ossuary (1/1)
 Temple: D:4-7

Altars:
Gozag


Message History

Menkaure calls on the powers of darkness!
Your body is wracked with pain!
You shoot an arrow.
The arrow hits Menkaure but does no damage.
Menkaure is almost destroyed.
You shoot an arrow. The arrow closely misses Menkaure.
Menkaure mumbles some strange words.
Menkaure seems to speed up.
You shoot an arrow. The arrow hits Menkaure.
You destroy Menkaure!
Your Armour skill gained 2 levels and is now at level 2!
You start resting.
You hear the hiss of an avalanche of sand.
HP restored.
There is a sand-covered staircase here.
Enter note:
Enter note:
Enter note: The world spins around you as you enter the gateway.
You enter an ossuary!
Found a gate leading back out of this place.
There is an empty arch of ancient stone here.
Waypoint 4 assigned to Ossuary.
You shoot an arrow. The arrow hits the mummy!
The mummy is heavily damaged.
You shoot an arrow. The arrow hits the mummy.
The mummy is heavily damaged.
You shoot an arrow. The arrow hits the mummy.
The mummy is severely damaged.
You shoot an arrow. The arrow hits the mummy.
You destroy the mummy!
You have reached level 7!
You shoot an arrow. The arrow barely misses the mummy.
The mummy hits you! x2
You shoot an arrow. The arrow hits the mummy!
The mummy is heavily damaged.
The mummy closely misses you. The mummy hits you but does no damage.
You shoot an arrow. The arrow hits the mummy.
The mummy is severely damaged.
The mummy hits you!
You die...

###
#..######
##.M....#
#..M@.\.+
##......#
#..######
###


You could see 2 mummies.

Vanquished Creatures
  Sigmund (D:3)
  Menkaure (D:4)
  Natasha (thrice) (D:3)
  A mummy (Ossuary)
  Robin (D:3)
  4 adders
  3 worms (D:2)
  5 dart slugs
  10 bats
  11 endoplasms
  3 giant cockroaches
  13 goblins
  7 hobgoblins
  2 jackals (D:4)
  8 kobolds
  A quokka (D:1)
  6 ball pythons
  2 frilled lizards (D:1)
  6 rats
88 creatures vanquished.

Notes
Turn   | Place    | Note
-------+----------+-------------------------------------------
     0 | D:1      | qw the Deep Elf Hunter began the quest for the Orb.
     0 | D:1      | Reached XP level 1. HP: 12/12 MP: 3/3
     0 | D:1      | 0 ||| qw: Version: 0.3-a-9-g12657ce
     0 | D:1      | 0 ||| qw: Game counter: 1857
     0 | D:1      | 0 ||| qw: Always use a shield: true
     0 | D:1      | 0 ||| qw: God list: Okawaru
     0 | D:1      | 0 ||| qw: Allow faded altars: false
     0 | D:1      | 0 ||| qw: Do Orc after D:15 true
     0 | D:1      | 0 ||| qw: Do second Lair branch before Depths: true
     0 | D:1      | 0 ||| qw: Lair rune preference: random
     0 | D:1      | 0 ||| qw: Plans: Normal
     0 | D:1      | 0 ||| PLANNING D:1-11
   184 | D:1      | Reached XP level 2. HP: 16/16 MP: 4/4
   186 | D:1      | Reached skill level 6 in Ranged Weapons
   785 | D:1      | Reached XP level 3. HP: 20/20 MP: 5/5
   830 | D:1      | 830 ||| READING scroll labelled TEUT URELOIGHI.
   831 | D:1      | 831 ||| DROPPING scroll of butterflies.
   871 | D:2      | 871 ||| STAIRDANCE
   875 | D:2      | 875 ||| STAIRDANCE
   879 | D:2      | 879 ||| STAIRDANCE
   883 | D:2      | 883 ||| STAIRDANCE
   887 | D:2      | 887 ||| STAIRDANCE
   891 | D:2      | 891 ||| STAIRDANCE
   895 | D:2      | 895 ||| STAIRDANCE
   899 | D:2      | 899 ||| STAIRDANCE
   903 | D:2      | 903 ||| STAIRDANCE
   907 | D:2      | 907 ||| STAIRDANCE
   911 | D:2      | 911 ||| STAIRDANCE
   915 | D:2      | 915 ||| STAIRDANCE
   919 | D:2      | 919 ||| STAIRDANCE
   923 | D:2      | 923 ||| STAIRDANCE
   927 | D:2      | 927 ||| STAIRDANCE
   931 | D:2      | 931 ||| STAIRDANCE
   935 | D:2      | 935 ||| STAIRDANCE
   939 | D:2      | 939 ||| STAIRDANCE
   943 | D:2      | 943 ||| STAIRDANCE
   947 | D:2      | 947 ||| STAIRDANCE
   961 | D:1      | 961 ||| Stepping randomly (stuck).
  1074 | D:2      | Reached skill level 7 in Ranged Weapons
  1445 | D:2      | Reached XP level 4. HP: 19/25 MP: 6/6
  1445 | D:2      | 1445 ||| FLEEEEING.
  1446 | D:2      | 1446 ||| FLEEEEING.
  1447 | D:2      | 1447 ||| FLEEEEING.
  1448 | D:2      | 1448 ||| FLEEEEING.
  1449 | D:2      | 1449 ||| FLEEEEING.
  1450 | D:2      | 1450 ||| FLEEEEING.
  1451 | D:2      | 1451 ||| FLEEEEING.
  1452 | D:2      | 1452 ||| FLEEEEING.
  1453 | D:2      | 1453 ||| FLEEEEING.
  1454 | D:2      | 1454 ||| FLEEEEING.
  1455 | D:2      | 1455 ||| FLEEEEING.
  1456 | D:2      | 1456 ||| FLEEEEING.
  1457 | D:2      | 1457 ||| FLEEEEING.
  1762 | D:2      | 1762 ||| UPGRADING to +0 helmet.
  1767 | D:2      | 1767 ||| READING 2 scrolls labelled ZUUD IRIXZE.
  1768 | D:2      | 1768 ||| DRINKING 2 fizzy pink potions.
  1811 | D:3      | 1811 ||| STAIRDANCE
  1823 | D:3      | 1823 ||| STAIRDANCE
  1927 | D:3      | Noticed Natasha
  1930 | D:3      | Killed Natasha
  1931 | D:3      | Reached skill level 8 in Ranged Weapons
  1934 | D:3      | Noticed Robin
  1941 | D:3      | Killed Robin
  1958 | D:3      | Reached XP level 5. HP: 29/29 MP: 7/7
  2035 | D:3      | Found an opulent altar of Gozag.
  2108 | D:3      | Noticed Sigmund
  2109 | D:3      | 2109 ||| FLEEEEING.
  2110 | D:3      | 2110 ||| FLEEEEING.
  2111 | D:3      | 2111 ||| FLEEEEING.
  2146 | D:3      | Killed Sigmund
  2147 | D:3      | Reached skill level 9 in Ranged Weapons
  2147 | D:3      | Reached XP level 6. HP: 21/34 MP: 8/8
  2516 | D:3      | Noticed Natasha
  2520 | D:3      | Killed Natasha
  2557 | D:3      | Noticed Natasha
  2566 | D:3      | Killed Natasha
  2567 | D:3      | Reached skill level 3 in Dodging
  2667 | D:3      | 2667 ||| UPGRADING to +0 scale mail.
  2677 | D:3      | 2677 ||| DROPPING +0 leather armour.
  2678 | D:3      | 2678 ||| UPGRADING to ring of positive energy.
  2679 | D:3      | 2679 ||| READING scroll labelled UNUOKA ONNORAO.
  2682 | D:3      | 2682 ||| READING scroll labelled BAANNO HEALIRI.
  2683 | D:3      | 2683 ||| READING scroll labelled ILURIH ARODOPS.
  2684 | D:3      | 2684 ||| READING scroll labelled DUKAXTIOFE.
  2685 | D:3      | 2685 ||| READING 2 scrolls of identify.
  2685 | D:3      | 2685 ||| IDENTIFYING sedimented blue potion
  2686 | D:3      | 2686 ||| DROPPING potion of brilliance.
  2700 | D:4      | 2700 ||| PLANNING OSSUARY
  2837 | D:4      | Found a sand-covered staircase.
  2840 | D:4      | Noticed Menkaure
  2845 | D:4      | Killed Menkaure
  2900 | Ossuary  | Entered an ossuary
  2905 | Ossuary  | Reached XP level 7. HP: 39/39 MP: 9/9
  2905 | Ossuary  | HP: 7/39 [mummy (16)]
  2907 | Ossuary  | Slain by a mummy

Levels and vault maps discovered:
D:1:      spicycebolla_arrival_ecumenical, layout_loops_corners,
          minmay_misc_feat_secret_circle
D:2:      layout_basic, hangedman_feature_mirror
D:3:      layout_loops_cross, nicolae_gozag_seed_capital, serial_bayou,
          serial_bayou_ford_a, serial_bayou_pond_d, serial_bayou_pond_e,
          serial_bayou_pond_e, serial_bayou_pond_e, serial_bayou_lagoon_b,
          uniq_natasha, uniq_sigmund, uniq_terence, uniq_robin
D:4:      layout_basic, mainiacjoe_overflow_small_starburst, enter_ossuary_1,
          amcnicky_mini_corridor_feature, uniq_crazy_yiuf_cottage, uniq_menkaure
Ossuary:  ossuary_minmay_chase

Skill      XL: |  1  2  3  4  5  6 |
---------------+-------------------+-----
Ranged Weapons | 6 7 8 9 |  9.8
Dodging        | 3 |  3.3
Armour         | 2 |  2.3
Fighting       | |  1.7
Stealth        | |  1.2

Action                     |  1- 3 |  4- 6 |  7- 9 || total
---------------------------+-------+-------+-------++-------
   Fire: Shortbow          |    97 |   157 |     3 ||   257
    Use: Scroll            |     1 |     6 |       ||     7
         Potion            |       |     1 |       ||     1
 Armour: Leather armour    |     3 |     3 |       ||     6
         Scale mail        |       |    12 |     1 ||    13
  Dodge: Dodged            |     8 |    26 |     1 ||    35

Table legend:
 A = Non-vault XP
 B = Vault XP
 C = Vault XP percentage of total XP
 D = Non-vault monster count
 E = Vault monster count
 F = Vault count percentage of total count
                 A         B        C        D         E       F
            +---------+---------+-------+---------+---------+-------
      Total |     234 |     514 |  68.7 |      65 |      23 |  26.1
            +---------+---------+-------+---------+---------+-------
        D:1 |      44 |       0 |   0.0 |      26 |       0 |   0.0
        D:2 |      47 |      18 |  27.7 |      18 |       6 |  25.0
        D:3 |     101 |     309 |  75.4 |      10 |      15 |  60.0
        D:4 |      42 |     169 |  80.1 |      11 |       1 |   8.3
    Ossuary |       0 |      18 | 100.0 |       0 |       1 | 100.0
            +---------+---------+-------+---------+---------+-------
